 Dungeon Crawl Stone Soup version 0.30.0-29-ga12c61a403 (webtiles) character file.

Game seed: 9297581422243824804

197 qw the Chopper (level 5, -2/33 HPs)
             Began as a Gargoyle Fighter on June 4, 2023.
             Was an Initiate of Okawaru.
             Slain by a gnoll
             ... wielding a +0 flail of protection
              (6 damage)
             ... on level 3 of the Dungeon.
             The game lasted 00:01:13 (2723 turns).

qw the Chopper (Gargoyle Fighter)                   Turns: 2723, Time: 00:01:13

Health: -2/33      AC: 10    Str: 22    XL:     5   Next: 75%
Magic:  5/5        EV:  9    Int:  8    God:    Okawaru [......]
Gold:   53         SH:  4    Dex:  9    Spells: 4/4 levels left

rFire   . . .        Y - +1 war axe
rCold   . . .        c - +0 buckler
rNeg    + . .        b - +0 scale mail
rPois   inf          (no helmet)
rElec   +            (no cloak)
rCorr   .            (no gloves)
SInv    .            (no boots)
Will    .....        j - amulet of the acrobat Stlth
                     (no ring)
HPRegen 0.25/turn    (no ring)
MPRegen 0.09/turn

%: acrobat
@: no status effects
A: sickness immunity, AC +4, negative energy resistance 1, electricity
resistance, torment resistance 1, petrification resistance
a: Renounce Religion


You were on level 3 of the Dungeon.
You worshipped Okawaru.
Okawaru was noncommittal.
You visited 1 branch of the dungeon, and saw 4 of its levels.

You collected 101 gold pieces.
You spent 48 gold pieces at shops.


Innate Abilities, Weirdness & Mutations

You are immune to sickness and miasma.
Your stone body is resilient. (AC +4)
You are immune to poison.
You resist negative energy. (rN+)
You are resistant to electric shocks. (rElec)
You are resistant to unholy torment.
You are immune to petrification.


   Skills:
 + Level 3.8 Fighting
 - Level 5.0 Axes
 - Level 3.2 Armour
 - Level 3.2 Shields


You had 4 spell levels left.
You didn't know any spells.
Your spell library was empty.

Inventory:

Hand Weapons
 a - a +0 whip
 Y - a +1 war axe (weapon)
Armour
 b - a +0 scale mail (worn)
 c - a +0 buckler (worn)
 f - a +0 helmet
Jewellery
 j - an amulet of the acrobat (around neck)
 l - a ring of fire
Potions
 d - a potion of might
 e - a potion of magic {unknown}
 h - a potion of lignification {unknown}
 i - a potion of curing

Dungeon Overview and Level Annotations

Branches:
Dungeon (4/15)
 Temple: D:4-7

Altars:
Ashenzari
Okawaru
Ru

Shops:
D:2 !*


Message History

You barely miss the gnoll.
The gnoll is moderately wounded.
The gnoll barely misses you. You block the gnoll's attack.
The gnoll barely misses you.
You slash the gnoll!
You kill the gnoll!
Okawaru accepts your kill.
The gnoll hits you but does no damage. x2
The gnoll misses you. You block the gnoll's attack.
You see here a +0 club.
You slash the gnoll!
The gnoll is severely wounded.
You barely miss the gnoll. The gnoll hits you but does no damage.
The gnoll hits you with a +0 spear. The gnoll hits you with a +0 spear!
The gnoll barely misses you.
You slash the gnoll!
You kill the gnoll!
Okawaru accepts your kill.
You hit the gnoll.
A gnoll comes into view.
It is wielding a +0 flail of protection.
The gnoll barely misses you.
The gnoll shouts!
You hit the gnoll but do no damage.
The gnoll is heavily wounded.
You hear a shout!
The gnoll hits you with a +0 spear.
You hit the gnoll but do no damage.
The gnoll is heavily wounded.
The gnoll hits you with a +0 spear.
You hit the gnoll but do no damage.
The gnoll is heavily wounded.
The gnoll barely misses you.
A gnoll comes into view. It is wielding a +0 whip.
The gnoll hits you with a +0 spear.
You slash the gnoll!
You kill the gnoll!
Okawaru accepts your kill.
You closely miss the gnoll.
The gnoll hits you with a +0 flail of protection.
You die...

.... #.# ... #.#
#..# #.# ... #.# ..
#.# ###. #.#
####..)####.#######
..g...g@..........#
#.##...####.#####.#
###. #.# ## #.# #.#
.# ##.# ..## .###
#..# ....###....
#.# #.## #.#
.#..P.~##.# #.#


You could see 2 gnolls.

Vanquished Creatures
  A scorpion (D:3)
  Robin (D:3)
  6 gnolls
  2 worms (D:2)
  A dart slug (D:2)
  6 endoplasms
  A giant cockroach (D:1)
  11 goblins
  6 hobgoblins
  2 kobolds
  5 quokkas
  5 ball pythons
  6 bats
  A frilled lizard (D:2)
  6 rats
60 creatures vanquished.

Vanquished Creatures (others)
  A gnoll (D:4)
1 creature vanquished.

Grand Total: 61 creatures vanquished

Notes
Turn   | Place    | Note
-------+----------+-------------------------------------------
     0 | D:1      | qw the Gargoyle Fighter began the quest for the Orb.
     0 | D:1      | Reached XP level 1. HP: 14/14 MP: 1/1
     0 | D:1      | 0 ||| qw: Version: 0.2-a-107-g4668610
     0 | D:1      | 0 ||| qw: Game counter: 1298
     0 | D:1      | 0 ||| qw: Always use a shield: true
     0 | D:1      | 0 ||| qw: God list: Okawaru
     0 | D:1      | 0 ||| qw: Allow faded altars: false
     0 | D:1      | 0 ||| qw: Do Orc after D:15 true
     0 | D:1      | 0 ||| qw: Do second Lair branch before Depths: true
     0 | D:1      | 0 ||| qw: Lair rune preference: random
     0 | D:1      | 0 ||| qw: Plans: Normal, Zot:1-4, Slime:5, God:TSO, Crypt,
                  | Tomb, Abyss, Pan, Hells, Win
     0 | D:1      | 0 ||| PLANNING D:1-11
    38 | D:1      | Reached skill level 2 in Axes
    98 | D:1      | 98 ||| Stepping ~*~*~tactically~*~*~ (stealth).
    99 | D:1      | 99 ||| Stepping ~*~*~tactically~*~*~ (stealth).
   103 | D:1      | Reached XP level 2. HP: 16/19 MP: 2/2
   677 | D:1      | Reached skill level 3 in Axes
   677 | D:1      | 677 ||| FLEEEEING.
   678 | D:1      | 678 ||| FLEEEEING.
   679 | D:1      | 679 ||| FLEEEEING.
   680 | D:1      | 680 ||| FLEEEEING.
   681 | D:1      | 681 ||| FLEEEEING.
   682 | D:1      | 682 ||| FLEEEEING.
   683 | D:1      | 683 ||| FLEEEEING.
   720 | D:1      | Reached XP level 3. HP: 22/23 MP: 3/3
   980 | D:1      | 980 ||| UPGRADING to amulet of the acrobat.
  1004 | D:1      | 1004 ||| READING scroll labelled MIMUTS ZOBUIWU.
  1017 | D:1      | 1017 ||| READING scroll labelled SASONT SOCVITU.
  1023 | D:1      | 1023 ||| DRINKING 2 dark potions.
  1134 | D:1      | 1134 ||| DROPPING potion of berserk rage.
  1186 | D:2      | Reached XP level 4. HP: 18/28 MP: 4/4
  1229 | D:2      | 1229 ||| DROPPING +0 club.
  1269 | D:2      | 1269 ||| Stepping ~*~*~tactically~*~*~ (stealth).
  1326 | D:2      | 1326 ||| DROPPING +2 hand axe of electrocution.
  1496 | D:2      | Found Reumips's Assorted Antiques.
  1510 | D:2      | 1510 ||| SHOPLISTING flail (63 gold, have 48).
  1510 | D:2      | 1510 ||| BUYING scroll labelled ZURPHA XYONEDOL (18 gold).
  1510 | D:2      | Bought a scroll labelled ZURPHA XYONEDOL for 18 gold pieces
  1756 | D:2      | Found Regralism's Distillery.
  1764 | D:2      | 1764 ||| BUYING potion of curing (30 gold).
  1764 | D:2      | Bought a potion of curing for 30 gold pieces
  1764 | D:2      | 1764 ||| SHOPLISTING potion of curing (30 gold, have 17).
  1764 | D:2      | 1764 ||| SHOPLISTING potion of might (40 gold, have 17).
  1764 | D:2      | 1764 ||| SHOPLISTING potion of resistance (100 gold, have
                  | 17).
  1793 | D:2      | Reached skill level 4 in Axes
  2087 | D:2      | 2087 ||| READING scroll labelled BUMUAQ VONUTAKK.
  2088 | D:2      | 2088 ||| READING scroll labelled ZURPHA XYONEDOL.
  2089 | D:2      | 2089 ||| READING scroll labelled LUCED OZ KEI.
  2090 | D:2      | 2090 ||| READING scroll labelled OMULOPP TENLEOG.
  2199 | D:3      | Found a sacrificial altar of Ru.
  2339 | D:3      | Found a broken altar of Ashenzari.
  2342 | D:3      | You fall into a shaft and drop 1 floor!
  2391 | D:4      | Found an iron altar of Okawaru.
  2392 | D:4      | 2392 ||| PLANNING OKAWARU WORSHIP
  2397 | D:4      | Became a worshipper of Warmaster Okawaru
  2397 | D:4      | 2397 ||| PLANNING D:1-11
  2400 | D:4      | 2400 ||| FLEEEEING.
  2400 | D:4      | Noticed a water moccasin
  2401 | D:4      | 2401 ||| FLEEEEING.
  2402 | D:4      | 2402 ||| FLEEEEING.
  2403 | D:4      | 2403 ||| FLEEEEING.
  2404 | D:4      | 2404 ||| FLEEEEING.
  2405 | D:4      | 2405 ||| STAIRDANCE
  2481 | D:3      | 2481 ||| Stepping ~*~*~tactically~*~*~ (water).
  2513 | D:3      | Noticed a scorpion
  2523 | D:3      | Killed a scorpion
  2524 | D:3      | Reached XP level 5. HP: 24/32 MP: 5/5
  2563 | D:3      | Noticed Robin
  2564 | D:3      | 2564 ||| Stepping ~*~*~tactically~*~*~ (stealth).
  2574 | D:3      | Killed Robin
  2575 | D:3      | Reached skill level 5 in Axes
  2575 | D:3      | HP: 8/32 [goblin/+0 dagger[Robin] (3)]
  2576 | D:3      | 2576 ||| READING scroll of teleportation.
  2704 | D:3      | 2704 ||| Stepping ~*~*~tactically~*~*~ (hiding).
  2720 | D:3      | HP: 6/33 [gnoll/+0 spear (5)]
  2723 | D:3      | Slain by a gnoll

Levels and vault maps discovered:
D:1:      lightli_molten_gateway, layout_basic, serial_forest,
          infiniplex_forest_fountain, infiniplex_forest_lined_room_3,
          infiniplex_forest_corner_1, infiniplex_forest_clump_C,
          infiniplex_forest_lined_2, infiniplex_forest_straight_1,
          infiniplex_forest_lined_room_2, infiniplex_forest_straight_3,
          infiniplex_forest_clump_medium
D:2:      layout_basic, serial_shops, shop, nicolae_shop_industrial_runoff
D:3:      layout_loops_ring, cheibrodos_ashenzari_chains,
          nicolae_ru_path_of_blood, shapermc_ecumenical_altar_pompeii,
          minmay_misc_feat_enclosed, serial_bayou_pond_c, uniq_robin,
          uniq_jessica
D:4:      layout_loops_ring, okawaru_ov_weapons_minmay, lemuel_flame_loot_1

Skill      XL: |  1  2  3  4  5 |
---------------+----------------+-----
Axes           | 2 3 4 5 |  5.0
Fighting       | |  3.8
Armour         | |  3.2
Shields        | |  3.2

Action                     |  1- 3 |  4- 6 || total
---------------------------+-------+-------++-------
  Melee: War axe           |    83 |    86 ||   169
  Throw: Boomerang         |       |    23 ||    23
    Use: Scroll            |     2 |     5 ||     7
         Potion            |     1 |       ||     1
 Armour: Scale mail        |    47 |    34 ||    81
  Dodge: Dodged            |    36 |    39 ||    75
  Block: Buckler           |    14 |    15 ||    29

Table legend:
 A = Non-vault XP
 B = Vault XP
 C = Vault XP percentage of total XP
 D = Non-vault monster count
 E = Vault monster count
 F = Vault count percentage of total count
                 A         B        C        D         E       F
            +---------+---------+-------+---------+---------+-------
      Total |     253 |      29 |  10.3 |      52 |       8 |  13.3
            +---------+---------+-------+---------+---------+-------
        D:1 |      42 |       0 |   0.0 |      25 |       0 |   0.0
        D:2 |      73 |       0 |   0.0 |      17 |       0 |   0.0
        D:3 |     138 |      29 |  17.4 |      10 |       8 |  44.4
            +---------+---------+-------+---------+---------+-------
